 Dungeon Crawl Stone Soup version 0.27-a0-1591-gc56fcc985a (webtiles) character file.

Game seed: 2853547659172948163

122 DocClef the Covert (level 5, -5/47 HPs)
             Began as a Gnoll Delver on July 19, 2021.
             Slain by a phantom (6 damage)
             ... on level 5 of the Dungeon.
             The game lasted 00:00:28 (514 turns).

DocClef the Covert (Gnoll Delver)                    Turns: 514, Time: 00:00:29

Health: -5/47      AC:  3    Str: 13    XL:     5   Next: 6%
Magic:  7/7        EV: 13    Int:  9    God:
Gold:   0          SH:  0    Dex: 13    Spells: 6/6 levels left

rFire    . . .     SeeInvis .   a - +0 short sword
rCold    . . .     Faith    .   (no shield)
rNeg     . . .     Spirit   .   b - +0 leather armour
rPois    .         Reflect  .   (no helmet)
rElec    .         Harm     .   (no cloak)
rCorr    .         Rampage  .   (no gloves)
Will     .....                  (no boots)
Stlth    ++++......             (no amulet)
HPRegen  0.15/turn              (no ring)
MPRegen  0.10/turn              (no ring)

@: no status effects
A: fangs 1, strong nose, distributed training
a: no special abilities


You were on level 5 of the Dungeon.
You visited 1 branch of the dungeon, and saw 1 of its levels.

Inventory:

Hand Weapons
 a - a +0 short sword (weapon)
Armour
 b - a +0 leather armour (worn)
Wands
 g - a wand of digging (3)
Scrolls
 c - a scroll of fog
 d - a scroll of magic mapping
 e - a scroll of fear
Potions
 f - a potion of haste
 h - a potion of heal wounds {unknown}


   Skills:
 + Level 6.6 Fighting
 + Level 4.7 Short Blades
 + Level 1.3 Long Blades
 + Level 1.3 Axes
 + Level 1.3 Maces & Flails
 + Level 1.3 Polearms
 + Level 1.3 Staves
 + Level 1.3 Slings
 + Level 1.3 Bows
 + Level 1.3 Crossbows
 + Level 1.3 Throwing
 + Level 1.3 Armour
 + Level 4.7 Dodging
 + Level 9.6 Stealth
 + Level 1.3 Shields
 + Level 1.3 Unarmed Combat
 + Level 1.3 Spellcasting
 + Level 1.1 Conjurations
 + Level 1.1 Hexes
 + Level 1.1 Summonings
 + Level 1.1 Necromancy
 + Level 1.1 Translocations
 + Level 1.1 Transmutations
 + Level 1.1 Fire Magic
 + Level 1.1 Ice Magic
 + Level 1.1 Air Magic
 + Level 1.1 Earth Magic
 + Level 1.1 Poison Magic
 + Level 1.5 Invocations
 + Level 1.3 Evocations


You had 6 spell levels left.
You didn't know any spells.
Your spell library was empty.

Dungeon Overview and Level Annotations

Branches:
Dungeon (5/15)
 Temple: D:4-7

Altars:


Innate Abilities, Weirdness & Mutations

You have very sharp teeth.
Your uncanny sense of smell can sniff out nearby items.
Your experience applies equally to all skills.


Message History

You are too injured to fight recklessly!
You barely miss the phantom.
The phantom is moderately damaged.
The phantom hits you.
The phantom blinks!
You blink.
You hit the phantom.
The phantom is moderately damaged.
You closely miss the phantom. Your bite misses the phantom.
The phantom is moderately damaged.
The phantom hits you.
* * * LOW HITPOINT WARNING * * *
You hit the phantom but do no damage.
The phantom is moderately damaged.
The phantom hits you.
* * * LOW HITPOINT WARNING * * *
The phantom blinks!
You blink.
You closely miss the phantom.
The phantom is moderately damaged.
The phantom closely misses you.
You closely miss the phantom.
The phantom is moderately damaged.
The phantom hits you!
* * * LOW HITPOINT WARNING * * *
The phantom blinks!
You blink.
You hit the phantom.
The phantom is heavily damaged.
The phantom hits you.
* * * LOW HITPOINT WARNING * * *
The phantom blinks!
You blink.
You hit the phantom.
The phantom is heavily damaged.
The phantom barely misses you.
You hit the phantom. Your bite misses the phantom.
The phantom is heavily damaged.
You hit the phantom.
The phantom is severely damaged.
The phantom barely misses you.
You barely miss the phantom. You bite the phantom, but do no damage.
The phantom is severely damaged.
The phantom hits you.
You die...

### ..# #.# ### #.# #..
#.# #.# ######.##### #.#
#...........
#####.#######.####.####.
+......@W........).# #.
#####.#######.###### #.
#.........##.# #.
#.###.....##.# #.
#.###.....##.# #.
....>......#.# #.
#.#.###......#.# #. #.#.
#.#.##......§#.# #.
#.#.#. #.#....#####§#.#
#.


You could see a phantom.

Vanquished Creatures
  A centaur (D:5)
  A centaur zombie (D:5)
  An adder (D:5)
  A dart slug (D:5)
  An orc (D:5)
5 creatures vanquished.

Notes
Turn   | Place    | Note
-------+----------+-------------------------------------------
     0 | D:5      | Reached skill level 9 in Stealth
     0 | D:5      | DocClef the Gnoll Delver began the quest for the Orb.
     0 | D:5      | Reached XP level 1. HP: 23/23 MP: 1/1
    33 | D:5      | Reached XP level 2. HP: 15/29 MP: 2/2
   200 | D:5      | Noticed a phantom
   215 | D:5      | Reached skill level 1 in Invocations
   215 | D:5      | Reached XP level 3. HP: 15/35 MP: 2/4
   439 | D:5      | Noticed a centaur
   442 | D:5      | Killed a centaur
   443 | D:5      | Reached skill level 1 in Long Blades
   443 | D:5      | Reached skill level 1 in Axes
   443 | D:5      | Reached skill level 1 in Maces & Flails
   443 | D:5      | Reached skill level 1 in Polearms
   443 | D:5      | Reached skill level 1 in Staves
   443 | D:5      | Reached skill level 1 in Slings
   443 | D:5      | Reached skill level 1 in Bows
   443 | D:5      | Reached skill level 1 in Crossbows
   443 | D:5      | Reached skill level 1 in Throwing
   443 | D:5      | Reached skill level 1 in Armour
   443 | D:5      | Reached skill level 1 in Shields
   443 | D:5      | Reached skill level 1 in Unarmed Combat
   443 | D:5      | Reached skill level 1 in Spellcasting
   443 | D:5      | Reached skill level 1 in Conjurations
   443 | D:5      | Reached skill level 1 in Hexes
   443 | D:5      | Reached skill level 1 in Summonings
   443 | D:5      | Reached skill level 1 in Necromancy
   443 | D:5      | Reached skill level 1 in Translocations
   443 | D:5      | Reached skill level 1 in Transmutations
   443 | D:5      | Reached skill level 1 in Fire Magic
   443 | D:5      | Reached skill level 1 in Ice Magic
   443 | D:5      | Reached skill level 1 in Air Magic
   443 | D:5      | Reached skill level 1 in Earth Magic
   443 | D:5      | Reached skill level 1 in Poison Magic
   443 | D:5      | Reached skill level 1 in Evocations
   443 | D:5      | Reached XP level 4. HP: 41/41 MP: 4/6
   443 | D:5      | Reached XP level 5. HP: 47/47 MP: 4/7
   510 | D:5      | HP: 1/47 [phantom (2)]
   514 | D:5      | Slain by a phantom

Illustrated notes

Levels and vault maps discovered:
D:5:      layout_basic, minmay_temple_entry_overgrown

Skill      XL: |  1  2  3 |
---------------+----------+-----
Stealth        | |  9.6
Invocations    | 1 |  1.5
Long Blades    | 1 |  1.3
Axes           | 1 |  1.3
Maces & Flails | 1 |  1.3
Polearms       | 1 |  1.3
Staves         | 1 |  1.3
Slings         | 1 |  1.3
Bows           | 1 |  1.3
Crossbows      | 1 |  1.3
Throwing       | 1 |  1.3
Armour         | 1 |  1.3
Shields        | 1 |  1.3
Unarmed Combat | 1 |  1.3
Spellcasting   | 1 |  1.3
Conjurations   | 1 |  1.1
Hexes          | 1 |  1.1
Summonings     | 1 |  1.1
Necromancy     | 1 |  1.1
Translocations | 1 |  1.1
Transmutations | 1 |  1.1
Fire Magic     | 1 |  1.1
Ice Magic      | 1 |  1.1
Air Magic      | 1 |  1.1
Earth Magic    | 1 |  1.1
Poison Magic   | 1 |  1.1
Evocations     | 1 |  1.3
Fighting       | |  6.6
Short Blades   | |  4.7
Dodging        | |  4.7

Action                   |  1- 3 |  4- 6 || total
-------------------------+-------+-------++-------
Melee: Short sword       |    25 |    25 ||    50
       Bite              |     3 |     4 ||     7
 Stab: Sleeping          |     1 |       ||     1
Armor: Leather armour    |     5 |     1 ||     6
Dodge: Dodged            |    14 |    10 ||    24

Table legend: (Time is in decaauts)
 A = Elapsed time spent in this place.
 B = Non-inter-level travel time spent in this place.
 C = Inter-level travel time spent in this place.
 D = Time resting spent in this place.
 E = Time spent auto-exploring this place.
 F = Levels seen in this place.
 G = Mean time per level.
                   A        B        C        D        E       F      G
               +--------+--------+--------+--------+--------+-----+--------+
         Total |    507 |    507 |      0 |    180 |    263 |   1 |  507.0 |
       Dungeon |    507 |    507 |      0 |    180 |    263 |   1 |  507.0 |
               +--------+--------+--------+--------+--------+-----+--------+

Top non-repeatable levels by time:
     D:5: 507 daAuts
